 Dungeon Crawl Stone Soup version 0.31-a0-210-gccc998df9b (webtiles) character file.

Game seed: 1807775800942957782

4339 rabbitsville the Carver (level 10, -6/86 HPs)
             Began as a Hill Orc Ice Elementalist on June 29, 2023.
             Was an Initiate of Gozag.
             Mangled by a two-headed ogre
             ... wielding a +0 giant spiked club
              (11 damage)
             ... on level 8 of the Dungeon.
             The game lasted 00:42:09 (9364 turns).

rabbitsville the Carver (Hill Orc Ice Elementalist) Turns: 9364, Time: 00:42:10

Health: -6/86      AC:  7    Str: 12    XL:     10   Next: 33%
Magic:  22/26      EV: 14    Int: 17    God:    Gozag
Gold:   631        SH:  7    Dex: 13    Spells: 12/19 levels left

rFire   . . .        w - +4 short sword
rCold   + . .        (no shield)
rNeg    . . .        N - +0 ring mail of Fun and Games {rC+}
rPois   .            (no helmet)
rElec   .            L - +2 cloak {rCorr}
rCorr   +            E - +0 pair of gloves
SInv    .            C - +0 pair of boots {Stlth+}
Will    .....        g - amulet of reflection
Stlth   ++           r - ring of magical power
HPRegen 0.34/turn    O - ring of the Octopus King {Fly HP+2 AC+2 EV+2 SH+2}
MPRegen 0.20/turn

%: reflection
@: ice-armoured, corroded, freezing walls, flying
A: no striking features
a: Renounce Religion, Potion Petition, Call Merchant, Bribe Branch


You were on level 8 of the Dungeon.
You worshipped Gozag.
Gozag was pleased with you.
You visited 1 branch of the dungeon, and saw 8 of its levels.
You also visited: Ossuary.

You collected 1518 gold pieces.
You spent 853 gold pieces at shops.
You paid 34 gold pieces to Gozag.

Inventory:

Hand Weapons
 c - a +0 dagger
 h - a +0 hand axe
 w - a +4 short sword (weapon)
Missiles
 m - 4 silver javelins
Armour
 a - a +0 robe
 t - a +0 pair of boots
 C - a +0 pair of boots of stealth (worn)
 E - a +0 pair of gloves (worn)
 L - a +2 cloak of preservation (worn)
 N - the +0 ring mail of Fun and Games (worn) {rC+}
   (You bought it in a shop on level 7 of the Dungeon)

   rC:        It protects you from cold.
Jewellery
 g - an amulet of reflection (around neck)
 r - a ring of magical power (left hand)
 O - a ring of the Octopus King (right hand) {Fly HP+2 AC+2 EV+2 SH+2}
   (You bought it in a shop on level 7 of the Dungeon)

   [ring of flight]

   AC:        It affects your AC (+2).
   EV:        It affects your evasion (+2).
   HP:        It affects your health (+2).
   Fly:       It grants you flight.
   SH:        It affects your SH (+2).
Wands
 y - a wand of acid (4)
 M - a wand of charming (11)
 P - a wand of polymorph (8)
Scrolls
 i - 2 scrolls of identify
 j - 2 scrolls of amnesia
 k - 3 scrolls of teleportation
 l - 2 scrolls of enchant armour
 o - a scroll of torment {unknown}
 q - a scroll of revelation {unknown}
 v - a scroll of vulnerability {unknown}
 z - 3 scrolls of blinking
 B - a scroll of fear {unknown}
 F - a scroll of fog {unknown}
 G - a scroll of poison {unknown}
 I - a scroll of summoning {unknown}
 K - a scroll of noise {unknown}
 Q - a scroll of immolation {unknown}
Potions
 b - a potion of magic
 d - a potion of ambrosia
 e - 2 potions of resistance
 f - 3 potions of curing
 n - a potion of mutation {unknown}
 p - 2 potions of attraction
 s - 2 potions of brilliance
 u - a potion of haste {unknown}
 x - 2 potions of berserk rage
 A - 2 potions of lignification
 D - a potion of degeneration {unknown}
 H - 2 potions of heal wounds
 J - a potion of enlightenment {unknown}


   Skills:
 + Level 6.6 Fighting
 * Level 8.8 Long Blades
 + Level 4.8 Dodging
 - Level 1.5 Stealth
 - Level 5.3 Spellcasting
 - Level 7.1 Ice Magic


You had 12 spell levels left.
You knew the following spells:

 Your Spells              Type           Power      Damage    Failure   Level
a - Freeze                Ice            100%       1d10      1%          1
b - Frozen Ramparts       Ice            56%        1d9       4%          3
c - Ozocubu's Armour      Ice            28%        N/A       4%          3

Your spell library contained the following spells:

 Spells                   Type           Power      Damage    Failure   Level
 Summon Ice Beast         Ice/Summ       16%        N/A       58%         4
 Portal Projectile        Hex/Tloc       8%         N/A       67%         3
 Tukima's Dance           Hex            4%         N/A       67%         3
 Blade Hands              Tmut           2%         N/A       100%        5


Dungeon Overview and Level Annotations

Branches:
Dungeon (8/15)             Temple (0/1) D:7         Ossuary (visited)
   Lair: D:8-11

Altars:
Fedhas
Gozag
Hepliaklqana
Kikubaaqudgha
Makhleb
Nemelex Xobeh
Okawaru
Uskayaw
Yredelemnul
The Shining One

Shops:
D:7 ([=

Annotations:
D:5 3 runed translucent doors, Drazool's ghost, novice OgFi


Message History

The two-headed ogre hits you with a +0 giant spiked club!!
The two-headed ogre misses you.
You hit the two-headed ogre but do no damage.
The two-headed ogre is lightly wounded.
You hit the two-headed ogre but do no damage.
The two-headed ogre is lightly wounded.
The wall freezes the orc warrior but does no damage.
The orc warrior hits you with a +0 glaive!
The wall freezes the two-headed ogre.
The two-headed ogre closely misses you. The two-headed ogre barely misses you.
You barely miss the two-headed ogre.
The two-headed ogre is lightly wounded.
The wall freezes the orc warrior.
You block the orc warrior's attack.
You barely miss the two-headed ogre.
The two-headed ogre is lightly wounded.
The wall freezes the orc warrior but does no damage.
The orc warrior zaps a wand.
The bolt of acid misses you.
The wall freezes the two-headed ogre!
The two-headed ogre closely misses you.
The two-headed ogre hits you with a +0 giant club!
You hit the two-headed ogre but do no damage.
The two-headed ogre is moderately wounded.
You hit the two-headed ogre but do no damage.
The two-headed ogre is moderately wounded.
The wall freezes the orc warrior.
The orc warrior closely misses you.
The wall freezes the two-headed ogre.
The two-headed ogre hits you with a +0 giant spiked club!!
* * * LOW HITPOINT WARNING * * *
You block the two-headed ogre's attack.
You hit the two-headed ogre but do no damage.
The two-headed ogre is heavily wounded.
The wall freezes the orc warrior but does no damage.
The orc warrior barely misses you.
You hit the two-headed ogre.
The two-headed ogre is heavily wounded.
The wall freezes the orc warrior but does no damage.
You block the orc warrior's attack.
The wall freezes the two-headed ogre.
The two-headed ogre hits you but does no damage.
The two-headed ogre hits you with a +0 giant club!
You die...
Your body crumbles into a pile of gold.

.............. .............. .8.
.............. ... ..............
#.# ##..# .............# #.# #.
..... .............# ##.## #.
#.... .............# ##...##
#.##..##
........$....####o....####...o.##
.##............O@.........o....##
..#..........#####...#..##.z.....
#........#...# ##......###z<##
#............# ##..#....#..##
#..##....#...### #..###...O.{# #
#..##..###.....###.## ##..co#####
...##.## #...#....## ##..5...##
#.....# #...###..# ##...##.Y.
#....## #...# #..######....####.


You could see a two-headed ogre and an orc warrior.

Vanquished Creatures
  2 steam dragons
  6 yaks (D:7)
  3 water moccasins
  2 black bears (D:6)
  2 ice beasts
  2 ogres
  A phantom (D:6)
  3 kobold brigands (D:8)
  3 gnoll sergeants
  6 bullfrogs
  2 scorpions (D:5)
  4 water moccasin zombies (Ossuary)
  2 wights (D:8)
  4 killer bees (D:7)
  2 jellies (D:5)
  6 hounds
  2 orc priests
  A sleepcap (D:7)
  Terence (D:3)
  2 iguanas
  2 orc wizards (D:5)
  2 mummies (Ossuary)
  17 gnolls
  6 adders
  A shadow imp (D:6)
  A white imp (D:7)
  3 ufetubi (D:5)
  3 adder zombies (Ossuary)
  A worm (D:4)
  A dart slug (D:5)
  10 orcs
  4 bats (D:1)
  14 endoplasms
  2 giant cockroaches
  3 gnoll zombies (Ossuary)
  8 goblins
  5 hobgoblins
  5 jackals
  4 quokkas
  7 ball pythons
  2 frilled lizards (D:2)
  5 hobgoblin zombies (Ossuary)
  20 kobolds
  4 kobold zombies (Ossuary)
  8 orc zombies (Ossuary)
  5 rats
199 creatures vanquished.

Vanquished Creatures (others)
  A kobold brigand (D:8)
1 creature vanquished.

Grand Total: 200 creatures vanquished

Notes
Turn   | Place    | Note
-------+----------+-------------------------------------------
     0 | D:1      | rabbitsville the Hill Orc Ice Elementalist began the quest
                  | for the Orb.
     0 | D:1      | Reached XP level 1. HP: 14/14 MP: 3/3
   133 | D:1      | Reached XP level 2. HP: 20/20 MP: 1/4
  1006 | D:2      | Reached XP level 3. HP: 20/26 MP: 3/6
  1782 | D:2      | Reached XP level 4. HP: 33/33 MP: 5/7
  2519 | D:3      | Noticed Terence
  2532 | D:3      | Killed Terence
  2617 | D:3      | Found an opulent altar of Gozag.
  2621 | D:3      | Became a worshipper of Gozag Ym Sagoz the Greedy
  3000 | D:4      | Reached XP level 5. HP: 21/38 MP: 9/9
  3334 | D:4      | Reached skill level 5 in Ice Magic
  3515 | D:4      | Reached XP level 6. HP: 45/45 MP: 11/11
  3908 | D:5      | Entered Level 5 of the Dungeon
  4254 | D:5      | Found a runed translucent gate.
  4468 | D:5      | Found an iron altar of Okawaru.
  4563 | D:5      | Reached XP level 7. HP: 46/50 MP: 13/13
  5346 | D:5      | Found a runed translucent gate.
  5346 | D:5      | Found a runed translucent gate.
  5349 | D:5      | Noticed Drazool's ghost (novice OgFi)
  5430 | D:6      | Learned a level 3 spell: Frozen Ramparts
  5434 | D:6      | Learned a level 3 spell: Ozocubu's Armour
  5459 | D:6      | Reached skill level 5 in Spellcasting
  5459 | D:6      | Reached XP level 8. HP: 40/57 MP: 15/15
  5635 | D:6      | Found a sand-covered staircase.
  5640 | Ossuary  | Entered an ossuary
  5811 | Ossuary  | Reached skill level 1 in Long Blades
  5818 | Ossuary  | Reached skill level 1 in Fighting
  5929 | Ossuary  | Reached skill level 2 in Long Blades
  6173 | D:6      | Reached skill level 3 in Long Blades
  6203 | D:6      | Found a hide-covered altar of Uskayaw.
  6464 | D:6      | Reached skill level 4 in Long Blades
  6707 | D:6      | Reached XP level 9. HP: 70/70 MP: 16/16
  6827 | D:7      | Found Cossigu's Antique Weapon Shop.
  6875 | D:7      | Reached skill level 5 in Long Blades
  7044 | D:7      | Reached skill level 6 in Long Blades
  7060 | D:7      | Reached skill level 5 in Fighting
  7062 | D:7      | Reached skill level 7 in Long Blades
  7416 | D:7      | Found a staircase to the Ecumenical Temple.
  7470 | D:7      | Reached XP level 10. HP: 82/83 MP: 17/17
  7502 | D:7      | Found a hazy altar of Hepliaklqana.
  7516 | D:7      | Found a sparkling altar of Nemelex Xobeh.
  7519 | D:7      | Found a burning altar of Makhleb.
  7522 | D:7      | Found a blossoming altar of Fedhas.
  7617 | D:7      | Found an ancient bone altar of Kikubaaqudgha.
  7621 | D:7      | Found Fogoxt's Antique Armour Shoppe.
  7628 | D:7      | Bought an ichor-stained ring mail for 261 gold pieces
  7628 | D:7      | Identified the +0 ring mail of Fun and Games {rC+} (You
                  | bought it in a shop on level 7 of the Dungeon)
  7697 | D:7      | Found Mukhiali's Jewellery Shop.
  7705 | D:7      | Bought a ring of the Octopus King {Fly HP+2 AC+2 EV+2 SH+2}
                  | for 592 gold pieces
  7705 | D:7      | Found the ring of the Octopus King {Fly HP+2 AC+2 EV+2
                  | SH+2}
  7721 | D:7      | Reached skill level 8 in Long Blades
  7841 | D:7      | Found a glowing golden altar of the Shining One.
  7846 | D:7      | Found a basalt altar of Yredelemnul.
  7848 | D:7      | Noticed a profane servitor
  8020 | D:7      | Noticed an angel
  8553 | D:8      | Noticed a two-headed ogre
  8557 | D:8      | Noticed a two-headed ogre
  9364 | D:8      | Mangled by a two-headed ogre

Illustrated notes

Levels and vault maps discovered:
D:1:      amcnicky_arrival_double_pillar, layout_loops_ring,
          palyth_stone_intersect
D:2:      layout_basic, kennysheep_cross_room, chequers_decorated_corner
D:3:      layout_loops_ring, mainiacjoe_overflow_24_doors, minmay_crystal_water,
          uniq_terence
D:4:      layout_loops_ring
D:5:      layout_basic, mainiacjoe_overflow_brackets,
          gammafunk_ghost_necromancy, minmay_quadrilaterals
D:6:      layout_gridville, kennysheep_little_box, enter_ossuary_3
D:7:      layout_cave_pools, grunt_temple_overflow_holy_war,
          amcnicky_altar_gilded, grunt_temple_overflow_cloverleaf,
          minmay_temple_entry_enclosed_plants, serial_shops, shop, shop,
          nicolae_shop_advertising_works [nicolae_subvault_shop_adworks]
D:8:      cheibrodos_barr_body, layout_layer_cave, zin_academy

Skill      XL: |  1  2  3  4  5  6  7  8  9 10 |
---------------+-------------------------------+-----
Spellcasting   | 2 3 4 5 |  5.3
Ice Magic      | 4 5 6 7 |  7.1
Long Blades    | 4 7 8 |  8.8
Fighting       | 3 5 6 |  6.6
Dodging        | 2 4 |  4.8
Stealth        | |  1.5

Action                     |  1- 3 |  4- 6 |  7- 9 | 10-12 || total
---------------------------+-------+-------+-------+-------++-------
  Melee: Dagger            |     1 |       |       |       ||     1
         Hand axe          |     5 |     1 |       |       ||     6
         Punch             |     1 |       |     3 |     5 ||     9
         Short sword       |       |     1 |   178 |   147 ||   326
  Throw: Javelin           |       |     5 |     1 |       ||     6
   Cast: Freeze            |    59 |   111 |   100 |     8 ||   278
         Frozen Ramparts   |       |       |    16 |     8 ||    24
         Ozocubu's Armour  |       |       |    13 |     6 ||    19
  Evoke: Wand              |       |       |     8 |       ||     8
    Use: Potion            |       |       |     3 |       ||     3
         Scroll            |       |       |     1 |    10 ||    11
   Stab: Sleeping          |     1 |       |     2 |     1 ||     4
         Distracted        |       |       |     1 |       ||     1
 Armour: Robe              |     7 |    13 |    73 |     1 ||    94
         Ring mail         |       |       |       |    48 ||    48
  Dodge: Dodged            |    22 |    41 |   133 |    84 ||   280
  Block: Other             |    12 |    21 |    52 |    55 ||   140
         Reflection        |     1 |       |     1 |     9 ||    11

Table legend: (Time is in decaauts)
 A = Elapsed time spent in this place.
 B = Non-inter-level travel time spent in this place.
 C = Inter-level travel time spent in this place.
 D = Time resting spent in this place.
 E = Time spent auto-exploring this place.
 F = Levels seen in this place.
 G = Mean time per level.
                   A        B        C        D        E       F      G
               +--------+--------+--------+--------+--------+-----+--------+
         Total |   9316 |   9025 |    291 |    848 |   5662 |   9 | 1035.1 |
       Dungeon |   8801 |   8510 |    291 |    601 |   5646 |   8 | 1100.1 |
       Ossuary |    514 |    514 |      0 |    247 |     16 |   1 |  514.0 |
               +--------+--------+--------+--------+--------+-----+--------+

Top non-repeatable levels by time:
     D:5: 1430 daAuts
     D:8: 1179 daAuts
     D:7: 1159 daAuts
     D:2: 1100 daAuts
     D:4: 1082 daAuts
     D:6: 1007 daAuts
     D:1: 994 daAuts
     D:3: 849 daAuts
 Ossuary: 514 daAuts
